 Dungeon Crawl Stone Soup version 0.19-a0-659-g8260ecf (webtiles) character file.

165 Bodrick the Slasher (level 5, -3/41 HPs)
             Began as a Formicid Fighter on June 15, 2016.
             Slain by georgeearnest's ghost (6 damage)
             ... on level 3 of the Dungeon.
             The game lasted 00:03:24 (1717 turns).

Bodrick the Slasher (Formicid Fighter)              Turns: 1717, Time: 00:03:24

Health: -3/41      AC:  6    Str: 20    XL:     5   Next: 74%
Magic:  5/5        EV:  7    Int:  8    God:
Gold:   201        SH:  9    Dex: 11    Spells: 0 memorised, 4 levels left

rFire  . . .     SeeInvis +     a - +0 long sword
rCold  . . .     Gourm    .     b - +0 scale mail
rNeg   . . .     Faith    .     c - +0 shield
rPois  .         Spirit   .     (helmet unavailable)
rElec  .         Dismiss  .     (no cloak)
rCorr  .         Reflect  .     (no gloves)
SustAt .         Harm     .     (no boots)
MR     .....                    (no amulet)
Stlth  ..........               (no ring)
                                (no ring)

@: not resistant to hostile enchantments, extremely unstealthy
A: permanent stasis, dig shafts and tunnels, four strong arms, antennae 3
a: Dig, Shaft Self


You were on level 3 of the Dungeon.
You were not hungry.

You visited 1 branch of the dungeon, and saw 3 of its levels.

You collected 201 gold pieces.

Inventory:

Hand Weapons
 a - a +0 long sword (weapon)
Armour
 b - a +0 scale mail (worn)
 c - a +0 shield (worn)
Jewellery
 g - an uncursed amulet of magic regeneration {unknown}
 h - a +4 ring of evasion {unknown}
 k - an uncursed ring of protection from fire {unknown}
 n - an uncursed ring of resist corrosion {unknown}
Scrolls
 e - a scroll of amnesia {unknown}
 t - a scroll of teleportation {unknown}
 u - a scroll of remove curse {unknown}
 w - 2 scrolls of identify {unknown}
 x - 2 scrolls of random uselessness {unknown}
Potions
 d - 2 potions of might
 i - a potion of flight {unknown}
 l - a potion of haste {unknown}
 p - a potion of degeneration {unknown}
 q - a potion of magic {unknown}
 r - a potion of lignification {unknown}
 s - 2 potions of curing {unknown}
Comestibles
 f - 2 bread rations
 j - a beef jerky
 m - 2 fruits
 o - 2 meat rations
 v - 4 chunks of flesh


   Skills:
 - Level 3.3 Fighting
 + Level 5.4 Long Blades
 - Level 3.4 Armour
 - Level 3.6 Shields


You had 4 spell levels left.
You didn't know any spells.

Dungeon Overview and Level Annotations

Branches:
Dungeon (3/15)

Altars:

Annotations:
D:3 1 exclusion, georgeearnest's ghost, amateur HOFi


Innate Abilities, Weirdness & Mutations

You are under a permanent stasis effect.
You can dig through walls and to a lower floor.
Your four strong arms can wield two-handed weapons with a shield.
You have a pair of large antennae on your head. (SInv)


Message History

Georgeearnest's ghost is moderately damaged.
Georgeearnest's ghost hits you! x2
You hit georgeearnest's ghost but do no damage.
Georgeearnest's ghost is moderately damaged.
Georgeearnest's ghost hits you!
* * * LOW HITPOINT WARNING * * *
You hit georgeearnest's ghost.
Georgeearnest's ghost is heavily damaged.
Georgeearnest's ghost hits you!
* * * LOW HITPOINT WARNING * * *
You hit georgeearnest's ghost.
Georgeearnest's ghost is heavily damaged.
You block georgeearnest's ghost's attack.
You hit georgeearnest's ghost.
Georgeearnest's ghost is severely damaged.
You block georgeearnest's ghost's attack.
You hit georgeearnest's ghost but do no damage.
Georgeearnest's ghost is severely damaged.
Georgeearnest's ghost hits you.
You die...

....#.##................
....#..#................
######.#####............
#.# #.........W.. #.#
#............ #.#
#............ #.#
####)###..... ######.##
####W### #### ........#
#....@.# #######.##
#......# # #..# #......#
{ {####.######'### {
#.........#.# {
#.........#.#
#.........#.#
#.........#.#
######..###.#


You could see georgeearnest's ghost.

Vanquished Creatures
  2 orc wizards (D:3)
  5 adders
  2 oozes
  A worm (D:2)
  A dart slug (D:2)
  4 giant geckos
  3 orcs (D:3)
  A ball python (D:1)
  2 giant cockroaches
  3 goblins
  13 hobgoblins
  3 jackals (D:3)
  3 kobolds
  6 bats
  2 giant newts
  4 rats
  3 toadstools (D:1)
58 creatures vanquished.

Vanquished Creatures (others)
  A toadstool (D:1)
1 creature vanquished.

Grand Total: 59 creatures vanquished

Notes
Turn   | Place    | Note
--------------------------------------------------------------
     0 | D:1      | Bodrick the Formicid Fighter began the quest for the Orb.
     0 | D:1      | Reached XP level 1. HP: 18/18 MP: 1/1
   235 | D:1      | Reached XP level 2. HP: 24/24 MP: 2/2
   478 | D:1      | Reached skill level 3 in Long Blades
   480 | D:1      | Reached XP level 3. HP: 20/29 MP: 3/3
   779 | D:2      | Reached skill level 4 in Long Blades
   779 | D:2      | Reached XP level 4. HP: 31/35 MP: 4/4
  1164 | D:3      | Reached XP level 5. HP: 41/41 MP: 5/5
  1190 | D:3      | Reached skill level 5 in Long Blades
  1691 | D:3      | Noticed georgeearnest's ghost (amateur HOFi)
  1714 | D:3      | HP: 2/41 [georgeearnest's ghost (9)]
  1717 | D:3      | Slain by georgeearnest's ghost

Vault maps used:
D:1:      ldierk_water_garden
D:3:      lemuel_coloured_pillars_altar, minmay_rats_cheesy_pizza

Skill      XL: |  1  2  3  4  5 |
---------------+----------------+-----
Long Blades    | 3 4 5 |  5.4
Fighting       | |  3.3
Armour         | |  3.4
Shields        | |  3.6

Action                   |  1- 3 |  4- 6 || total
-------------------------+-------+-------++-------
Melee: Long sword        |    80 |   190 ||   270
  Eat: Chunk             |       |     3 ||     3
Armor: Scale mail        |    21 |    87 ||   108
Dodge: Dodged            |    28 |    63 ||    91
Block: Shield            |    37 |   106 ||   143
